 Dungeon Crawl Stone Soup version 0.18-a0-1639-g7533f42 (webtiles) character file.

24073 4thArraOfDagon the Cleaver (level 13, -8/114 HPs)
             Began as a Human Berserker on Mar 27, 2016.
             Was a High Priest of Trog.
             Mangled by a tengu warrior
             ... wielding a +0 great sword
              (20 damage)
             ... on level 13 of the Dungeon.
             The game lasted 00:38:57 (5881 turns).

4thArraOfDagon the Cleaver (Human Berserker)        Turns: 5881, Time: 00:38:58

Health: -8/114     AC:  8    Str: 29    XL:     13   Next: 40%
Magic:  22/22      EV: 18    Int:  8    God:    Trog [*****.]
Gold:   589        SH:  0    Dex: 17    Spells: 0 memorised, 12 levels left

rFire  . . .     SeeInvis .     G - +0 war axe
rCold  . . .     Gourm    .     L - +1 ring mail of Fun and Games {+Blink Str+2 Dex+4}
rNeg   . . .     Faith    .     (no shield)
rPois  .         Spirit   .     (no helmet)
rElec  .         Dismiss  .     (no cloak)
rCorr  .         Reflect  .     (no gloves)
SustAt .         Harm     .     (no boots)
MR     ++...                    (no amulet)
Stlth  +.........               (no ring)
                                i - ring of magical power

@: mighty, regenerating, very resistant to hostile enchantments, very unstealthy
A: blurry vision 1, robust 1, subdued magic 1
a: Berserk, Trog's Hand, Brothers in Arms, Burn Spellbooks, Renounce Religion,
Evoke Blink


You were on level 13 of the Dungeon.
You worshipped Trog.
Trog was extremely pleased with you.
You were not hungry.

You visited 2 branches of the dungeon, and saw 16 of its levels.
You also visited: Bailey.

You collected 1545 gold pieces.
You spent 956 gold pieces at shops.

Inventory:

Hand Weapons
 r - a +0 battleaxe
 G - a +0 war axe (weapon)
Missiles
 C - 3 javelins (quivered)
Armour
 q - a +0 cloak
 t - the -4 cloak "Acsiovag" {rCorr Dex+5}
   (You acquired it on level 2 of the Orcish Mines)

   It affects your dexterity (+5).
   It protects you from acid and corrosion.
 H - a +0 plate armour
 L - the +1 ring mail of Fun and Games (worn) {+Blink Str+2 Dex+4}
   (You found it on level 9 of the Dungeon)

   It affects your strength (+2).
   It affects your dexterity (+4).
   It lets you blink.
 P - a +2 scale mail of fire resistance
Jewellery
 i - a ring of magical power (left hand)
Wands
 h - a wand of iceblast (2/15)
 F - a wand of disintegration (12/24)
 K - a wand of disintegration (9/24)
 N - a wand of iceblast (8/15)
Scrolls
 f - 3 scrolls of remove curse {unknown}
 l - 5 scrolls of teleportation
 n - 2 scrolls of noise {unknown}
 u - 2 scrolls of magic mapping {unknown}
 v - a scroll of recharging {unknown}
 x - 3 scrolls of amnesia {unknown}
 y - a scroll of silence {unknown}
 D - a scroll of enchant armour {unknown}
 I - a scroll of blinking
 J - a scroll of enchant weapon {unknown}
 O - a scroll of immolation {unknown}
Potions
 a - a potion of resistance
 b - a potion of berserk rage
 d - a potion of heal wounds
 e - a potion of cancellation
 k - a potion of flight
 o - a potion of might
 p - 2 potions of haste
 s - 3 potions of curing
 A - a potion of degeneration
 E - a potion of ambrosia
 R - a potion of invisibility {unknown}
Books
 B - a Young Poisoner's Handbook

   Spells                             Type                      Level
   a - Sting                          Conjuration/Poison           1
   b - Cure Poison                    Poison                       2
   c - Mephitic Cloud                 Conjuration/Poison/Air       3
   d - Olgreb's Toxic Radiance        Poison                       4
   e - Venom Bolt                     Conjuration/Poison           5
   Trog disapproves of the use of such an item.
Miscellaneous
 m - a plain deck of defence
Comestibles
 c - 8 bread rations
 g - 3 slices of pizza
 j - 3 meat rations
 w - 2 beef jerkies
 z - 4 fruits
 M - 5 chunks of flesh


   Skills:
 + Level 10.4 Fighting
 * Level 13.5 Axes
 + Level 10.0 Armour
 + Level 10.1 Dodging


You had 12 spell levels left.
You didn't know any spells.

Dungeon Overview and Level Annotations

Branches:
Dungeon (14/15)            Temple (0/1) D:6            Lair (0/8) D:9
    Orc (2/2) D:9             Elf (0/3) Orc:2
 Vaults: D:13-14

Altars:
Dithmenos
Elyvilon
Fedhas
Gozag
Qazlal
Trog
Vehumet
Yredelemnul
Zin

Shops:
Orc:2 **}=

Annotations:
D:8 syage's ghost, novice MiFi


Innate Abilities, Weirdness & Mutations

Scrolls take you a little longer to read.
You are robust (+10% HP).
Your spells are a little easier to cast, but a little less powerful.


Message History

You slash the tengu warrior!
The tengu warrior is moderately wounded.
The tengu warrior hits you with a great sword!
* * * LOW HITPOINT WARNING * * *
The tengu warrior pecks you.
* * * LOW HITPOINT WARNING * * *
The tengu warrior completely misses you.
You hit the tengu warrior.
The tengu warrior is moderately wounded.
You miss the tengu warrior.
The tengu warrior is moderately wounded.
The tengu warrior hits you with a great sword!
* * * LOW HITPOINT WARNING * * *
The tengu warrior pecks you.
* * * LOW HITPOINT WARNING * * *
The tengu warrior closely misses you.
You miss the tengu warrior.
The tengu warrior is moderately wounded.
The tengu warrior hits you with a great sword!!
You die...

###.##.#######(######
....##..............#
#.........###.####.#
##.....##.# #.#
#.##.###.###.####.#
#.##.# #..........#
#.##.# #.###Q######
#†##.###.###y###
#.##......FQ>#@#
#.######.####Q## #.#
#.# ### #.# #.# #.#
#.# #<######.##
#.........#
########..####.#
#).....#


You could see a tengu warrior.

Vanquished Creatures
  Erolcha (D:10)
  An orc high priest (Orc:2)
  A deep elf knight (Orc:2)
  2 unseen horrors
  Pikel (D:5)
  4 orc knights (Orc:2)
  2 cyclopes
  5 orc sorcerers
  An ugly thing (D:13)
  A manticore (D:12)
  A centaur skeleton (D:13)
  A freezing wraith (D:13)
  A komodo dragon (D:11)
  A kobold demonologist (D:11)
  3 trolls
  Grinder (D:4)
  17 yaks
  3 hogs (D:13)
  3 hippogriffs
  3 vampire mosquitoes
  2 hungry ghosts
  4 wargs
  A soldier ant (D:12)
  19 orc warriors
  2 phantoms
  5 sky beasts
  2 ice beasts
  A black bear (D:10)
  3 wasps
  A slave (D:5)
  5 centaurs
  An eye of draining (D:13)
  14 ogres
  A wolf (D:9)
  2 big kobolds
  2 giant frogs
  A gnoll sergeant (D:8)
  2 wyvern skeletons
  4 wights (D:10)
  4 howler monkeys (D:13)
  5 crimson imps
  2 centaur zombies
  3 hounds
  2 quasits (D:9)
  11 orc priests
  A jelly (D:11)
  11 orc wizards
  6 iguanas
  5 worker ants
  A hound skeleton (D:9)
  A worker ant zombie (D:6)
  2 river rats (D:9)
  8 adders
  20 gnolls
  A shadow imp (D:9)
  2 oozes
  A dart slug (D:2)
  3 giant geckos
  55 orcs
  2 ball pythons
  2 giant cockroaches
  7 hobgoblins
  5 jackals
  2 quokkas
  6 bats
  A giant newt (D:5)
  7 goblins
  A jackal zombie (D:6)
  13 kobolds
  3 rats
318 creatures vanquished.

Vanquished Creatures (collateral kills)
  Kirke (D:13)
  2 orc high priests (Orc:2)
  A hog (D:13)
  A mottled dragon (D:13)
5 creatures vanquished.

Vanquished Creatures (others)
  3 humans (D:13)
  23 fungi (D:9)
  14 plants (D:9)
40 creatures vanquished.

Grand Total: 363 creatures vanquished

Notes
Turn   | Place    | Note
--------------------------------------------------------------
     0 | D:1      | 4thArraOfDagon the Human Berserker began the quest for the Orb.
     0 | D:1      | Reached XP level 1. HP: 18/18 MP: 1/1
    88 | D:1      | Reached XP level 2. HP: 21/24 MP: 2/2
   277 | D:3      | Reached XP level 3. HP: 20/29 MP: 3/3
   340 | D:3      | Reached ** piety under Trog
   456 | D:3      | Found a glowing silver altar of Zin.
   472 | D:3      | Reached XP level 4. HP: 19/37 MP: 4/4
   521 | D:4      | Reached XP level 5. HP: 36/42 MP: 5/5
   571 | D:4      | Reached skill level 4 in Axes
   594 | D:3      | Noticed an orc warrior
   692 | D:3      | Killed an orc warrior
   692 | D:3      | Reached XP level 6. HP: 11/49 MP: 6/6
   825 | D:4      | Noticed Grinder
   858 | D:4      | Killed Grinder
   858 | D:4      | Reached skill level 5 in Axes
   858 | D:4      | Reached XP level 7. HP: 16/55 MP: 7/7
   960 | D:5      | Entered Level 5 of the Dungeon
   960 | D:5      | Found an opulent altar of Gozag.
  1010 | D:5      | Noticed Pikel
  1093 | D:5      | Killed Pikel
  1093 | D:5      | Reached skill level 5 in Fighting
  1093 | D:5      | Reached skill level 6 in Axes
  1093 | D:5      | Reached XP level 8. HP: 62/62 MP: 8/8
  1318 | D:6      | Found a stormy altar of Qazlal.
  1347 | D:6      | Found a bloodstained altar of Trog.
  1423 | D:6      | Found a shadowy altar of Dithmenos.
  1515 | D:7      | Found a basalt altar of Yredelemnul.
  1554 | D:6      | Found a staircase to the Ecumenical Temple.
  1554 | D:6      | Found a white marble altar of Elyvilon.
  1699 | D:8      | Reached skill level 7 in Axes
  1744 | D:8      | Found a radiant altar of Vehumet.
  1766 | D:8      | Reached skill level 5 in Dodging
  1766 | D:8      | Reached XP level 9. HP: 49/69 MP: 9/9
  1789 | D:8      | Reached skill level 5 in Armour
  1871 | D:9      | Found a staircase to the Orcish Mines.
  1914 | D:9      | Found a blossoming altar of Fedhas.
  2003 | D:9      | Found a white marble altar of Elyvilon.
  2065 | D:9      | Reached *** piety under Trog
  2094 | D:9      | Reached skill level 8 in Axes
  2161 | D:9      | Found a staircase to the Lair.
  2200 | D:9      | Reached XP level 10. HP: 72/77 MP: 10/10
  2317 | D:9      | Reached skill level 9 in Axes
  2376 | D:9      | Got a bronze ring mail
  2520 | D:8      | Noticed syage's ghost (novice MiFi)
  2533 | D:9      | Identified the +1 ring mail of Fun and Games {+Blink Str+2 Dex+4} (You found it on level 9 of the Dungeon)
  2600 | Orc:1    | Entered Level 1 of the Orcish Mines
  2655 | Orc:1    | Noticed a cyclops
  2663 | Orc:1    | Reached skill level 10 in Axes
  2687 | Orc:1    | Killed a cyclops
  2687 | Orc:1    | Reached XP level 11. HP: 16/86 MP: 11/11
  2955 | Orc:2    | Entered Level 2 of the Orcish Mines
  3010 | Orc:1    | Noticed an orc sorcerer
  3024 | Orc:1    | Killed an orc sorcerer
  3028 | Orc:1    | Reached **** piety under Trog
  3086 | Orc:1    | jacquesderrida: DENG
  3130 | Orc:2    | 4thArraOfDagon: ssssssup
  3155 | Orc:2    | jacquesderrida: ssssssup
  3163 | Orc:2    | jacquesderrida: hi
  3428 | Orc:2    | Found a staircase to the Elven Halls.
  3499 | Orc:2    | Noticed an orc high priest
  3499 | Orc:2    | Noticed an orc high priest
  3499 | Orc:2    | Noticed an orc sorcerer
  3526 | Orc:2    | Killed an orc high priest
  3526 | Orc:2    | Reached skill level 11 in Axes
  3529 | Orc:2    | Killed an orc high priest
  3541 | Orc:2    | Noticed an orc sorcerer
  3541 | Orc:2    | Noticed an orc sorcerer
  3552 | Orc:2    | Paralysed by an orc sorcerer for 6 turns
  3562 | Orc:2    | Killed an orc sorcerer
  3574 | Orc:2    | Killed an orc sorcerer
  3584 | Orc:2    | Noticed an orc sorcerer
  3595 | Orc:2    | Noticed a sun demon
  3595 | Orc:2    | Killed an orc sorcerer
  3622 | Orc:2    | jacquesderrida: Dagin, I am dining on pierogi
  3627 | Orc:2    | jacquesderrida: How do you feel about that
  3655 | Orc:2    | jacquesderrida: DO you have any strong feelings
  3692 | Orc:2    | Killed an orc sorcerer
  3719 | Orc:2    | jacquesderrida: All your quisin are belong to us
  3719 | Orc:2    | jacquesderrida: sry
  3719 | Orc:2    | 4thArraOfDagon: pierogi are delicious np
  3719 | Orc:2    | jacquesderrida: Thanks
  3719 | Orc:2    | 4thArraOfDagon: however it takes whole day to make that dish
  3719 | Orc:2    | 4thArraOfDagon: so as long are you are not making them will be fine for you ;)
  3719 | Orc:2    | jacquesderrida: Not if you buy them in a shop ;^)
  3720 | Orc:2    | jacquesderrida: dets tru
  3720 | Orc:2    | 4thArraOfDagon: yeah haha
  3720 | Orc:2    | 4thArraOfDagon: however its more traditional dish for christmas rather than easter
  3720 | Orc:2    | 4thArraOfDagon: unless you have different traditions in RU
  3733 | Orc:2    | jacquesderrida: In ruskia everyone eats everything
  3738 | Orc:2    | jacquesderrida: and everyone
  3739 | Orc:2    | Noticed an orc knight
  3768 | Orc:2    | Killed an orc knight
  3780 | Orc:2    | jacquesderrida: Eating vareniky all day every day
  3799 | Orc:2    | Noticed an orc knight
  3812 | Orc:2    | Killed an orc knight
  3863 | Orc:2    | 4thArraOfDagon: windigo traditions?
  3877 | Orc:2    | Noticed an orc high priest
  3908 | Orc:2    | Killed an orc high priest
  3908 | Orc:2    | Reached XP level 12. HP: 95/95 MP: 12/12
  3964 | Orc:2    | Noticed a deep elf knight
  3983 | Orc:2    | Killed a deep elf knight
  4020 | Orc:2    | jacquesderrida: hereditary windigoness
  4036 | Orc:2    | Reached skill level 12 in Axes
  4174 | Orc:2    | Found Guati's Jewellery Boutique.
  4174 | Orc:2    | Found Qaopamab's Gadget Boutique.
  4175 | Orc:2    | Found Jemiwuuh's General Store.
  4180 | Orc:2    | Found Ykitz's General Store.
  4184 | Orc:2    | jacquesderrida: dane
  4184 | Orc:2    | 4thArraOfDagon: :S
  4192 | Orc:2    | jacquesderrida: deeeeeng
  4192 | Orc:2    | Bought a potion of heal wounds for 60 gold pieces
  4192 | Orc:2    | Bought a scroll of acquirement for 624 gold pieces
  4192 | Orc:2    | jacquesderrida: skroll
  4192 | Orc:2    | Bought a scroll of identify for 24 gold pieces
  4218 | Orc:2    | Got a faintly humming cloak
  4229 | Orc:2    | Identified the -4 cloak "Acsiovag" {rCorr Dex+5} (You acquired it on level 2 of the Orcish Mines)
  4229 | Orc:2    | jacquesderrida: ayyyyyyyyyy
  4234 | Orc:2    | Bought a scroll of teleportation for 48 gold pieces
  4234 | Orc:2    | Bought a scroll of blinking for 120 gold pieces
  4234 | Orc:2    | Bought a potion of heal wounds for 80 gold pieces
  4309 | D:10     | Entered Level 10 of the Dungeon
  4353 | D:10     | Noticed Erolcha
  4372 | D:10     | Killed Erolcha
  4387 | D:10     | Gained mutation: Your spells are a little easier to cast, but a little less powerful. [mutagenic meat]
  4388 | D:10     | Gained mutation: Scrolls take you a little longer to read. [mutagenic meat]
  4389 | D:10     | Gained mutation: You are robust (+10% HP). [mutagenic meat]
  4391 | D:10     | Lost mutation: You are robust (+10% HP). [mutagenic meat]
  4392 | D:10     | Gained mutation: You are robust (+10% HP). [mutagenic meat]
  4569 | D:10     | Killed an unseen horror
  4835 | D:11     | Reached ***** piety under Trog
  5134 | D:12     | Found a flagged portal.
  5216 | Bailey   | Entered a bailey
  5433 | D:12     | Reached XP level 13. HP: 113/113 MP: 13/13
  5441 | D:12     | Reached skill level 10 in Fighting
  5512 | D:13     | Noticed Kirke
  5520 | D:13     | Reached skill level 13 in Axes
  5522 | D:13     | Killed Kirke
  5536 | D:12     | jacquesderrida: deng
  5653 | D:12     | Reached skill level 10 in Dodging
  5766 | D:13     | Reached skill level 10 in Armour
  5881 | D:13     | Mangled by a tengu warrior

Vault maps used:
D:1:      dpeg_arrival_lava_temple_mockup, st_stairs_5
D:2:      nicolae_overflow_crystal_walls, kennysheep_generic_room_13
D:3:      kennysheep_the_goblin_king, lemuel_round_altar
D:4:      evilmike_ruin_ashenzari, nicolae_tso_carved_into_rock,
          kennysheep_mini, first_bread, uniq_grinder
D:5:      grunt_pakellas_mercury, basic_altar, uniq_pikel
D:6:      lemuel_doored_altar, lemuel_round_altar,
          nicolae_overflow_hidden_temple, minmay_temple_entry_statues
D:7:      yredelemnul_altar_generic
D:8:      grunt_temple_overflow_champion_of_chaos, lemuel_round_altar,
          uniq_maurice
D:9:      minmay_curly_fans, fedhas_altar_3, due_lair_maze_entry_diamond,
          david_orc_2, basic_altar, uniq_grum
D:10:     uniq_erolcha, uniq_sonja
D:12:     enter_bailey_8
D:13:     hangedman_tell_no_tales, aerie_lemuel, uniq_kirke
D:14:     corexii_hall_statues_deadend, serial_column_ruins, column_ruins_hut,
          column_ruins_columns_corner, basic_altar
Orc:2:    st_orc_elflike
Bailey:   bailey_axe_1, bailey

Skill      XL: |  1  2  3  4  5  6  7  8  9 10 11 12 13 |
---------------+----------------------------------------+-----
Fighting       | 4 5 6 8 9 10 | 10.4
Axes           | 4 5 6 7 8 10 11 12 13 | 13.5
Armour         | 3 4 6 7 8 9 10 | 10.0
Dodging        | 3 4 5 6 7 8 9 10 | 10.1

Action                   |  1- 3 |  4- 6 |  7- 9 | 10-12 | 13-15 || total
-------------------------+-------+-------+-------+-------+-------++-------
Melee: Hand axe          |    85 |    40 |   234 |       |       ||   359
       War axe           |       |       |    41 |   553 |   125 ||   719
Throw: Throwing net      |       |       |       |     2 |       ||     2
Invok: Berserk           |     3 |     4 |    10 |    31 |     3 ||    51
       Trog's Hand       |     1 |     3 |     7 |    20 |     9 ||    40
       Brothers in Arms  |       |       |       |     1 |     1 ||     2
Evoke: Wand              |       |       |     4 |     7 |     2 ||    13
  Use: Scroll            |       |       |     8 |     8 |       ||    16
       Potion            |       |       |       |     3 |     3 ||     6
  Eat: Chunk             |     2 |     4 |    15 |    58 |     4 ||    83
       Beef jerky        |       |       |     1 |       |       ||     1
       Fruit             |       |       |       |     4 |     1 ||     5
       Royal jelly       |       |       |       |     1 |     1 ||     2
